 Dungeon Crawl Stone Soup version 0.20-a0-853-gabbfcfc (webtiles) character file.

431085 M4edhros the Unseen (level 24, -5/279 HPs)
             Began as a Formicid Air Elementalist on Mar 11, 2017.
             Was the Champion of Dithmenos.
             Killed from afar by a battlesphere (11 damage)
             ... created by a tengu reaver
             ... on level 5 of the Vaults.
             The game lasted 02:11:33 (46395 turns).

M4edhros the Unseen (Formicid Air Elementalist)    Turns: 46395, Time: 02:11:34

Health: -5/279     AC: 25    Str: 18    XL:     24   Next: 70%
Magic:  9/41       EV: 38    Int: 18    God:    Dithmenos [******]
Gold:   1465       SH: 15    Dex: 27    Spells: 13/52 levels left

rFire    + + .     SeeInvis +   l - +7 glaive of Afewun {freeze, Str+3}
rCold    + + .     Gourm    .   (armour currently unavailable)
rNeg     + . .     Faith    .   E - +2 shield of Resistance {rF+ rC+ MR+}
rPois    ∞         Spirit   .   (helmet unavailable)
rElec    +         Reflect  .   g - scarf {rC+ rF+}
rCorr    .         Harm     .   (gloves currently unavailable)
MR       +++..                  (boots currently unavailable)
Stlth    ++++++++++             G - amulet of Vitality {Regen+ HP+15}
Regen    2.0/turn               L - +3 ring of slaying
MPRegen  0.3/turn               v - ring of Shaolin {EV+8}

@: agile, statue-form, corroded, very slightly contaminated, regenerating,
wreathed by umbra, studying Short Blades, drained, very slow
A: permanent stasis, dig shafts and tunnels, four strong arms, antennae 3,
talons 2, thin skeletal structure 1, agile 1, deterioration 1, mutation
resistance 1, poison resistance, robust 1, (shaggy fur 0), electricity
resistance, wild magic 2
}: 3/15 runes: decaying, silver, gossamer
a: Dig, Shaft Self, End Transformation, Shadow Step, Shadow Form, Renounce
Religion


You were on level 5 of the Vaults.
You worshipped Dithmenos.
Dithmenos was exalted by your worship.
You were very hungry.
You were a stone statue.
You visited 8 branches of the dungeon, and saw 40 of its levels.
You also visited: Labyrinth, Bailey, Ice Cave and Desolation.

You collected 7717 gold pieces.
You spent 6252 gold pieces at shops.

Inventory:

Hand Weapons
 a - the +9 trident of the Owl {pierce, rPois rC+ Str+5}
   (You took it off a centaur on level 6 of the Dungeon)

   It inflicts extra damage upon your enemies.
   It affects your strength (+5).
   It protects you from cold.
   It protects you from poison.
 l - the +7 glaive of Afewun (weapon) {freeze, Str+3}
   (You found it on level 3 of the Swamp)

   It has been specially enchanted to freeze those struck by it, causing extra
   injury to most foes and up to half again as much damage against particularly
   susceptible opponents.
   It can also slow down cold-blooded creatures.
   It affects your strength (+3).
 H - a +0 arbalest of velocity
 K - the +4 Vampire's Tooth {vamp}
   (You found it in the Desolation of Salt)

   It inflicts no extra harm, but heals its wielder when it wounds a living foe.
 P - a +1 lajatang of pain
Missiles
 f - 313 sling bullets
Armour
 g - a scarf of resistance (worn)
 i - the +0 shield of the Tired Yaks {rF++ MR+, unknown}
   (You acquired it on level 5 of the Vaults)

   It greatly protects you from fire.
   It affects your resistance to hostile enchantments.
 o - the +2 pair of boots of the Assassin (melded) {Detection Stab+ Stlth++}
   (You found it on level 7 of the Dungeon)

   It makes you much more stealthy.
 p - a scarf of repulsion
 D - a +0 pair of gloves of dexterity (melded)
 E - the +2 shield of Resistance (worn) {rF+ rC+ MR+}
   (You bought it in a shop on level 2 of the Vaults)

   It protects you from fire.
   It protects you from cold.
   It affects your resistance to hostile enchantments.
 R - the +1 ring mail of Mirth (melded) {*Contam rF+++ rCorr Int-2}
   (You found it on level 11 of the Dungeon)

   It affects your intelligence (-2).
   It renders you almost immune to fire.
   It causes magical contamination when unequipped.
   It protects you from acid and corrosion.
 S - a +2 cloak of invisibility
Jewellery
 n - an uncursed ring of protection from fire {unknown}
 s - the ring "Mouckall" {rElec rPois}
   (You took it off a minotaur in a labyrinth)

   [ring of poison resistance]

   It insulates you from electricity.
   It protects you from poison.
 v - the ring of Shaolin (left hand) {EV+8}
   (You found it on level 1 of the Lair of Beasts)

   [ring of evasion]

   It affects your evasion (+8).
 G - the amulet of Vitality (around neck) {Regen+ HP+15}
   (You bought it in a shop on level 2 of the Orcish Mines)

   [amulet of regeneration]

   It affects your health (+15).
   It increases your rate of regeneration.
 J - the amulet "Eclea" {Inacc rPois rN+ Dex-2, unknown}
   (You found it on level 3 of the Elven Halls)

   [amulet of inaccuracy]

   It reduces the accuracy of all your attacks.
   It affects your dexterity (-2).
   It protects you from poison.
   It protects you from negative energy.
 L - a +3 ring of slaying (right hand)
 V - an uncursed ring of positive energy {unknown}
 X - a +5 ring of dexterity {unknown}
Wands
 b - a wand of paralysis (10/24)
 u - a wand of iceblast (8/15)
 w - a wand of acid (0/15)
 y - a wand of lightning (6/15)
 I - a wand of iceblast (3/15)
 M - a wand of iceblast (7/15)
 W - a wand of iceblast (8/15)
 Z - a wand of confusion (27/48)
Scrolls
 h - 3 scrolls of fear
 j - 10 scrolls of fog
 O - 4 scrolls of remove curse
 Q - 2 scrolls of recharging
 Y - 3 scrolls of magic mapping
Potions
 d - 4 potions of agility
 e - 8 potions of curing
 k - 5 potions of brilliance
 q - 3 potions of heal wounds
 t - a potion of might
 x - 10 potions of ambrosia
 B - 2 potions of magic
 C - 2 potions of berserk rage {unknown}
 F - a potion of invisibility {unknown}
 N - a potion of resistance
Books
 A - a manual of Short Blades
Miscellaneous
 m - a sack of spiders
 U - 2 phantom mirrors
Comestibles
 c - 14 bread rations
 r - 17 meat rations
 z - 51 fruits


   Skills:
 + Level 13.2(13.1) Fighting
 + Level 16.0(15.9) Polearms
 - Level 6.8(6.7) Armour
 * Level 12.0(11.9) Dodging
 - Level 17.3(17.2) Stealth
 - Level 10.1(10.0) Shields
 * Level 14.9(14.8) Spellcasting
 - Level 7.1(7.0) Conjurations
 - Level 4.7(4.6) Charms
 - Level 12.3(12.2) Necromancy
 - Level 14.4(14.3) Transmutations
 - Level 7.2(7.1) Air Magic
 - Level 15.3(15.2) Earth Magic
 - Level 6.1 Poison Magic
 - Level 8.1(8.0) Evocations


You had 13 spell levels left.
You knew the following spells:

 Your Spells              Type           Power        Failure   Level  Hunger
a - Shock                 Conj/Air       ####         2%          1    None
b - Static Discharge      Conj/Air       ######..     3%          3    None
c - Swiftness             Chrm/Air       ######..     3%          2    None
d - Lightning Bolt        Conj/Air       ######....   21%         5    ####...
e - Regeneration          Chrm/Necr      ######....   2%          3    None
f - Statue Form           Tmut/Erth      #######..    4%          6    #####..
g - Dazzling Spray        Conj/Hex       #####.       10%         3    None
h - Ozocubu's Armour      Chrm/Ice       ####....     14%         3    None
i - Irradiate             Conj/Tmut      ######....   6%          5    ####...
j - Mephitic Cloud        Conj/Pois/Air  ######..     3%          3    None
k - Apportation           Tloc           ###...       14%         1    None
l - Leda's Liquefaction   Hex/Erth       ######....   8%          4    None


Dungeon Overview and Level Annotations

Branches:
Dungeon (15/15)            Temple (1/1) D:5            Lair (6/6) D:10
  Swamp (4/4) Lair:4       Spider (4/4) Lair:3        Slime (0/5) Lair:5
    Orc (2/2) D:10            Elf (3/3) Orc:2        Vaults (5/5) D:13
  Crypt (0/3) Vaults:3
 Depths: D:15

Altars:
Ashenzari
Cheibriados
Dithmenos
Elyvilon
Fedhas
Gozag
Hepliaklqana
Kikubaaqudgha
Makhleb
Nemelex Xobeh
Okawaru
Qazlal
Ru
Sif Muna
Trog
Uskayaw
Vehumet
Wu Jian
Xom
Yredelemnul
Zin
The Shining One
Beogh
Jiyva

Shops:
Orc:2 !=%}   Elf:2 *%*   Vaults:2 *([

Annotations:
D:9 exclusion: obsidian statue
Elf:2 3 runed doors


Innate Abilities, Weirdness & Mutations

You cannot be hasted, slowed, berserked, paralysed or teleported.
You can dig through walls and to a lower floor.
Your four strong arms can wield two-handed weapons with a shield.
You have a pair of large antennae on your head. (SInv)
You have razor-sharp toenails.
You have a somewhat thin skeletal structure. (Dex +2, Stealth)
You are agile. (Dex +2)
Your body sometimes deteriorates upon taking damage.
You are somewhat resistant to further mutation.
Your system is resistant to poisons. (rPois)
You are robust. (+10% HP)
((You are covered in fur. (AC +1)))
You are resistant to electric shocks. (rElec)
Your spells are harder to cast, but more powerful.


Message History

The ironheart preserver completely misses you.
The vault warden completely misses you.
A battlesphere comes into view.
Casting: Regeneration
Confirm with . or Enter, or press ? or * to list all spells.
You extend your transformation's duration.
The vault sentinel gestures at you while chanting.
You resist with some effort.
The tengu reaver gestures at you while chanting.
The bolt of acid misses you.
The battlesphere fires!
The barrage of energy hits you!
* * * LOW HITPOINT WARNING * * *
The ironheart preserver misses you. You block the vault warden's attack.
The tengu reaver gestures at you while chanting.
The bolt of acid hits you!
* * * LOW HITPOINT WARNING * * *
The acid corrodes you!
You are splashed with acid!
The acid burns!
* * * LOW HITPOINT WARNING * * *
The battlesphere fires!
The barrage of energy hits you!
You die...

#..#..)....#..#.... #...
#..##.)...##..#.... #...
#...##...##.).#..§(
#....#....#####....#...(
#....###..........##..((
#(....*#.........#...(§§
#..*..Q###########..)|..
#.....Q)...(.(.......).. #.
#....# #....)8(.(............#
...#....###....p.....(p.........#
...#........##..p.....((((...##..
............###################..
##..........#### ########.?
........[....... ..........
.....<<......... .Z........
....<..<........ ..........
.....<<[........ { .......)..


You could see an ironheart preserver, a vault warden, 2 tengu reavers, a vault
sentinel and 2 battlespheres.

Vanquished Creatures
  Mara (Elf:3)
  Saint Roka (Elf:3)
  the Lernaean hydra (Swamp:4)
  A bone dragon (Vaults:3)
  A lich (Vaults:3)
  Rupert (Spider:1)
  5 tentacled monstrosities
  2 deep elf blademasters (Elf:3)
  2 deep elf master archers (Elf:3)
  Asterion (Spider:1)
  A titan (Vaults:5)
  A sphinx (Vaults:4)
  Agnes (Elf:2)
  Kirke (Lair:4)
  3 thorn hunters
  Roxanne (Spider:4)
  2 storm dragons
  2 tengu reavers (Vaults:5)
  3 shadow dragons
  A deep elf sorcerer (Elf:3)
  A frost giant (Vaults:5)
  2 fire giants
  3 imperial myrmidons (Desolation)
  5 ghost moths (Spider:4)
  5 emperor scorpions
  11 vault wardens
  5 deep elf elementalists (Elf:3)
  25 ironheart preservers
  2 war gargoyles (Vaults:5)
  5 very ugly things
  6 deep elf demonologists
  7 stone giants
  6 entropy weavers
  10 deep elf annihilators (Elf:3)
  4 spark wasps
  3 halazid warlocks (Desolation)
  Azrael (Spider:1)
  3 crystal guardians
  A minotaur (Lab)
  2 ettins
  8 deep elf death magi
  3 fire dragons
  A deep elf high priest (Elf:3)
  11 yaktaur captains
  5 ragged hierophants (Desolation)
  Josephine (Orc:1)
  3 great orbs of eyes
  A ghost crab (Swamp:2)
  3 rakshasas
  5 ice dragons
  3 peacekeepers (Desolation)
  26 hydras
  26 vault guards
  8 servants of whispers (Desolation)
  A catoblepas (Lair:6)
  31 two-headed ogres
  2 centaur warriors
  12 dancing weapons
  2 death knights
  11 ogre magi
  8 alligators
  5 death yaks (Lair:6)
  2 deep troll earth magi (Vaults:4)
  6 deep troll shamans
  2 tengu warriors (D:14)
  6 orc high priests (Orc:2)
  5 skeletal warriors (Vaults:2)
  Urug (D:14)
  Sonja (Lair:1)
  A fire crab (shapeshifter) (Vaults:1)
  14 deep elf knights
  A small abomination (Elf:1)
  3 shadow wraiths
  2 unseen horrors (D:14)
  A sea snake (shapeshifter) (Vaults:2)
  The ghost of nataq the Skirmisher, a novice OpFi of Cheibriados (Bailey)
  A spriggan druid (Swamp:2)
  3 flayed ghosts
  26 deep trolls
  2 shambling mangroves
  12 swamp dragons
  8 deep elf archers
  14 ironbrand convokers
  A lindwurm (shapeshifter) (Vaults:4)
  A lindwurm (Lair:6)
  A phantasmal warrior (Vaults:5)
  A wizard (Vaults:2)
  5 orc sorcerers
  3 harpies (Vaults:2)
  7 necromancers
  11 orb spiders
  A wolf spider zombie (D:12)
  2 manticores
  19 orc knights
  16 ugly things
  48 deep elf magi
  2 stone giant zombies
  35 wolf spiders
  The ghost of aves the Cleaver, a novice DsFi of Qazlal (D:7)
  A tengu skeleton (Vaults:2)
  3 oklob plants (Lair:2)
  2 moths of wrath (Spider:2)
  A moth of wrath (shapeshifter) (Vaults:4)
  7 cyclopes
  5 guardian serpents (Desolation)
  3 black mambas
  14 elephants
  A fire giant skeleton (Vaults:4)
  A centaur zombie (D:14)
  2 ice statues (IceCv)
  13 vault sentinels
  4 torpor snails
  2 human zombies
  23 spiny frogs
  An elf zombie (Vaults:5)
  A yaktaur zombie (Vaults:4)
  2 kobold demonologists
  A komodo dragon (shapeshifter) (Vaults:1)
  17 demonic crawlers
  27 yaktaurs
  5 rime drakes
  4 komodo dragons
  A tengu conjurer (D:14)
  6 freezing wraiths
  2 polar bears
  6 ice devils (IceCv)
  5 trolls
  2 polar bears (shapeshifter)
  A jumping spider (shapeshifter) (D:14)
  19 hornets
  2 queen bees (shapeshifter) (Vaults:4)
  Grinder (D:3)
  7 tyrant leeches
  17 blink frogs
  40 slime creatures
  A stone giant simulacrum (Vaults:2)
  2 dream sheep (Lair:6)
  41 jumping spiders
  43 saltlings (Desolation)
  A blink frog (shapeshifter) (Vaults:1)
  14 bog bodies
  A fire giant simulacrum (Vaults:1)
  13 hippogriffs
  An ettin zombie (Vaults:2)
  3 air elementals
  5 spriggans
  2 tarantellas (shapeshifter)
  4 water elementals (Elf:1)
  58 redbacks
  6 wraiths
  3 wyverns
  A shadow (Swamp:1)
  37 tarantellas
  3 basilisks
  A basilisk (shapeshifter) (Vaults:1)
  49 yaks
  3 hogs
  2 steam dragons
  5 fire elementals
  4 hungry ghosts
  14 vampire mosquitoes
  A yaktaur simulacrum (Vaults:3)
  An elf simulacrum (Vaults:5)
  11 swamp worms
  A deep troll zombie (Vaults:4)
  24 insubstantial wisps
  5 wargs
  Edmund (D:5)
  2 hell hounds (Spider:1)
  59 orc warriors
  10 water moccasins
  4 black bears
  9 porcupines
  An ice beast (shapeshifter) (Vaults:1)
  4 sky beasts
  An eye of draining (D:7)
  4 ice beasts
  21 swamp drakes
  2 phantoms
  A necrophage (D:6)
  3 elephant zombies (Lair:4)
  An orc zombie (Vaults:1)
  30 ogres
  30 wolves
  An elf skeleton (Vaults:2)
  14 crocodiles
  22 centaurs
  3 big kobolds
  A komodo dragon zombie (Lair:4)
  22 bullfrogs
  5 earth elementals
  4 scorpions
  A water moccasin skeleton (D:8)
  9 killer bees
  7 howler monkeys
  5 electric eels
  8 crimson imps
  3 draconian simulacra (IceCv)
  3 human simulacra
  A bullfrog zombie (D:13)
  6 hounds
  36 orc priests
  3 jellies
  A quasit (D:12)
  5 bullfrog skeletons
  5 centaur skeletons
  A gnoll shaman (D:4)
  16 orc wizards
  13 human skeletons (Vaults:1)
  10 worker ants
  5 iguanas
  6 hell rats
  3 troll simulacra (IceCv)
  A killer bee zombie (D:7)
  A centaur simulacrum (IceCv)
  A hound zombie (D:5)
  2 hound skeletons
  10 adders
  11 gnolls
  2 howler monkey skeletons
  An ogre simulacrum (IceCv)
  7 river rats (Lair:4)
  2 naga simulacra (IceCv)
  3 shadow imps
  An ooze (D:3)
  An adder skeleton (D:8)
  5 worms
  A dart slug (D:2)
  6 leopard geckos
  113 orcs
  5 ball pythons
  A giant cockroach (D:2)
  9 goblins
  3 hobgoblins (D:1)
  A jackal (D:6)
  24 kobolds
  5 quokkas
  7 bats
  2 frilled lizards
  A giant cockroach zombie (D:5)
  A jackal zombie (D:8)
  2 leopard gecko skeletons
  A quokka skeleton (D:9)
  6 rats
  2 crawling corpses (Vaults:2)
1830 creatures vanquished.

Vanquished Creatures (collateral kills)
  2 peacekeepers (Desolation)
  2 saltlings (Desolation)
4 creatures vanquished.

Vanquished Creatures (others)
  The ghost of mora the Brawler, a journeyman TrAs of Makhleb (Lair:6)
  A hydra (Swamp:3)
  An ugly thing (Swamp:4)
  2 elephants (Lair:6)
  A rime drake (Lair:6)
  A hippogriff (Lair:5)
  A tarantella (Spider:3)
  A yak (Lair:5)
  2 ogres (Vaults:1)
  An orc wizard (D:6)
  2 river rats (Lair:4)
  A bush (Lair:6)
  5 fungi
  10 plants
  5 toadstools (Swamp:2)
35 creatures vanquished.

Grand Total: 1869 creatures vanquished

Notes
Turn   | Place    | Note
-------+----------+-------------------------------------------
     0 | D:1      | M4edhros the Formicid Air Elementalist began the quest for the Orb.
     0 | D:1      | Reached XP level 1. HP: 13/13 MP: 3/3
     8 | D:1      | Reached skill level 1 in Conjurations
   341 | D:1      | Reached XP level 2. HP: 19/19 MP: 0/5
   676 | D:2      | Found a bloodstained altar of Trog.
   695 | D:2      | Reached XP level 3. HP: 24/24 MP: 0/6
   922 | D:3      | Reached skill level 1 in Shields
  1011 | D:3      | Reached XP level 4. HP: 18/30 MP: 0/8
  1266 | D:3      | Reached XP level 5. HP: 35/35 MP: 4/9
  1323 | D:3      | Found an opulent altar of Gozag.
  1340 | D:4      | Found an ornate altar of the Wu Jian Council.
  1892 | D:4      | Reached XP level 6. HP: 16/41 MP: 1/10
  2140 | D:4      | Noticed a phantom
  2162 | D:4      | Killed a phantom
  2162 | D:4      | Reached XP level 7. HP: 41/46 MP: 5/12
  2627 | D:5      | Entered Level 5 of the Dungeon
  2810 | D:5      | Noticed Edmund
  2823 | D:5      | Killed Edmund
  3029 | D:5      | Reached XP level 8. HP: 50/52 MP: 5/14
  3131 | D:5      | Found a staircase to the Ecumenical Temple.
  3148 | Temple   | Entered the Ecumenical Temple
  3285 | Temple   | Became a worshipper of Dithmenos the Shadowed
  4676 | D:3      | Noticed Grinder
  4697 | D:3      | Killed Grinder
  4697 | D:3      | Reached skill level 5 in Shields
  4697 | D:3      | Reached skill level 5 in Spellcasting
  5314 | D:5      | Reached skill level 5 in Air Magic
  5555 | D:6      | Found a burning altar of Makhleb.
  5564 | D:6      | Reached XP level 9. HP: 47/57 MP: 13/17
  5584 | D:6      | Reached * piety under Dithmenos
  5607 | D:6      | Found an opulent altar of Gozag.
  5974 | D:6      | Reached skill level 5 in Conjurations
  6114 | D:6      | Got an uncursed polished trident {pierce}
  6115 | D:6      | Identified the +9 trident of the Owl {pierce, rPois rC+ Str+5} (You took it off a centaur on level 6 of the Dungeon)
  6210 | D:6      | Found a burning altar of Makhleb.
  6416 | D:6      | Found a basalt altar of Yredelemnul.
  6719 | D:7      | Reached ** piety under Dithmenos
  6719 | D:7      | Reached XP level 10. HP: 31/63 MP: 15/20
  6749 | D:7      | Learned a level 3 spell: Static Discharge
  6752 | D:7      | Learned a level 2 spell: Swiftness
  6758 | D:7      | Learned a level 5 spell: Lightning Bolt
  6838 | D:7      | Noticed aves's ghost (novice DsFi)
  6873 | D:7      | Killed aves's ghost
  6873 | D:7      | Reached skill level 1 in Fighting
  6873 | D:7      | Reached skill level 1 in Polearms
  7379 | D:8      | Found a sparkling altar of Nemelex Xobeh.
  7463 | D:8      | Found a blossoming altar of Fedhas.
  7785 | D:8      | Reached skill level 3 in Stealth
  8319 | D:8      | Reached skill level 4 in Stealth
  8555 | D:9      | Reached *** piety under Dithmenos
  8570 | D:9      | Reached XP level 11. HP: 33/74 MP: 22/22
  8730 | D:9      | Gained mutation: You possess an exceptional clarity of mind. [mutagenic meat]
  8731 | D:9      | Gained mutation: You have sharp toenails. [mutagenic meat]
  8732 | D:9      | Gained mutation: You are resistant to electric shocks. (rElec) [mutagenic meat]
  8733 | D:9      | Gained mutation: You are covered in fur. (AC +1) [mutagenic meat]
  8769 | D:9      | Noticed an obsidian statue
  8971 | D:9      | Reached skill level 5 in Stealth
  9142 | D:10     | Entered Level 10 of the Dungeon
  9154 | D:10     | Found a flagged portal.
  9198 | Bailey   | Entered a bailey
  9198 | Bailey   | Noticed an orc knight
  9199 | Bailey   | Noticed an orc knight
  9207 | Bailey   | Noticed nataq's ghost (novice OpFi)
  9215 | Bailey   | Killed nataq's ghost
  9244 | Bailey   | Killed an orc knight
  9595 | Bailey   | Reached skill level 6 in Stealth
  9604 | Bailey   | Reached skill level 5 in Polearms
  9864 | Bailey   | Killed an orc knight
 10376 | D:10     | Found a staircase to the Lair.
 11063 | D:10     | Reached **** piety under Dithmenos
 11215 | D:10     | Found a staircase to the Orcish Mines.
 11523 | D:11     | Noticed a purple ugly thing
 11542 | D:11     | Killed a purple ugly thing
 11542 | D:11     | Reached skill level 7 in Stealth
 11546 | D:11     | Gained mutation: Your spells are a little harder to cast, but a little more powerful. [mutagenic meat]
 11547 | D:11     | Gained mutation: Scrolls take you a little longer to read. [mutagenic meat]
 11548 | D:11     | Lost mutation: Your spells are a little harder to cast, but a little more powerful. [mutagenic meat]
 11549 | D:11     | Lost mutation: Scrolls take you a little longer to read. [mutagenic meat]
 11785 | D:11     | Reached XP level 12. HP: 56/84 MP: 24/24
 12206 | D:11     | Got a twisted ring mail
 12217 | D:11     | Identified the +1 ring mail of Mirth {*Contam rF+++ rCorr Int-2} (You found it on level 11 of the Dungeon)
 12304 | D:12     | Learned a level 3 spell: Regeneration
 12590 | D:12     | Reached skill level 1 in Necromancy
 12727 | D:12     | Reached skill level 10 in Shields
 12727 | D:12     | Reached skill level 1 in Charms
 12729 | D:12     | Reached skill level 8 in Stealth
 12741 | D:12     | Reached skill level 5 in Fighting
 13085 | D:13     | Noticed an enchanted long sword
 13090 | D:13     | You fall through a shaft for 2 floors!
 13090 | D:15     | Entered Level 15 of the Dungeon
 13272 | D:15     | Reached ***** piety under Dithmenos
 13309 | D:14     | Found a shadowy altar of Dithmenos.
 13321 | D:14     | Noticed a centaur warrior
 13329 | D:14     | Killed a centaur warrior
 13329 | D:14     | Reached skill level 9 in Stealth
 13464 | D:14     | Noticed Urug
 13470 | D:14     | Killed Urug
 13478 | D:14     | Identified a scroll of acquirement
 13479 | D:14     | Got a faintly glowing crystal plate armour
 13491 | D:14     | Identified the +0 crystal plate armour "Zedepn" {Str+2 Int+7 Dex-2} (You acquired it on level 14 of the Dungeon)
 13506 | D:14     | Gained mutation: Scrolls take you a little longer to read. [mutagenic glow]
 13762 | D:14     | Noticed a tengu warrior
 13783 | D:14     | Reached XP level 13. HP: 93/93 MP: 25/25
 13820 | D:14     | Reached skill level 1 in Armour
 13853 | D:14     | Reached skill level 10 in Stealth
 13861 | D:14     | Gained mutation: You are somewhat resistant to further mutation. [mutagenic meat]
 14604 | D:13     | Found a sacrificial altar of Ru.
 14702 | D:13     | Found a gate to the Vaults.
 15265 | D:14     | Reached ****** piety under Dithmenos
 15533 | Orc:1    | Entered Level 1 of the Orcish Mines
 15533 | Orc:1    | Noticed Josephine
 15549 | Orc:1    | Killed Josephine
 15854 | Orc:1    | Reached XP level 14. HP: 67/101 MP: 27/27
 15990 | Orc:2    | Entered Level 2 of the Orcish Mines
 16023 | Orc:2    | Found a labyrinth entrance.
 16033 | Orc:2    | Reached skill level 11 in Stealth
 16040 | Lab      | Entered a labyrinth
 16217 | Lab      | Got a heavily runed golden ring
 16220 | Lab      | Identified the ring "Mouckall" {rElec rPois} (You took it off a minotaur in a labyrinth)
 16350 | Orc:2    | Found a staircase to the Elven Halls.
 16465 | Orc:2    | Found a roughly hewn altar of Beogh.
 17611 | Orc:2    | Reached skill level 5 in Dodging
 17624 | Orc:2    | Reached skill level 5 in Necromancy
 18818 | Orc:2    | Reached skill level 1 in Evocations
 19117 | Orc:2    | Found Lyxzayn's Distillery.
 19120 | Orc:2    | Found Yjoqoyva's Food Shoppe.
 19122 | Orc:2    | Found Ehecw's Gadget Emporium.
 19123 | Orc:2    | Found Oma Ytek's Jewellery Emporium.
 19129 | Orc:2    | Bought a potion of heal wounds for 55 gold pieces
 19129 | Orc:2    | Bought a potion of agility for 44 gold pieces
 19133 | Orc:2    | Bought the amulet of Vitality {Regen+ HP+15} for 1343 gold pieces
 19133 | Orc:2    | Bought a +5 ring of strength for 700 gold pieces
 19301 | Lair:1   | Entered Level 1 of the Lair of Beasts
 19327 | Lair:1   | Reached skill level 12 in Stealth
 19415 | Lair:1   | Noticed Sonja
 19422 | Lair:1   | Killed Sonja
 19472 | Lair:1   | Reached skill level 10 in Polearms
 19578 | Lair:1   | Found a basalt altar of Yredelemnul.
 20199 | Lair:2   | Reached skill level 5 in Armour
 20313 | Lair:2   | Reached XP level 15. HP: 105/108 MP: 28/28
 21413 | Lair:3   | Reached skill level 13 in Stealth
 21549 | Lair:3   | Found a hole to the Spider Nest.
 22534 | Lair:4   | Noticed Kirke
 22601 | Lair:4   | Found a frozen archway.
 22609 | IceCv    | Entered an ice cave
 23098 | Lair:4   | Found a staircase to the Swamp.
 23782 | Lair:5   | Found a staircase to the Slime Pits.
 23782 | Lair:5   | Found a viscous altar of Jiyva.
 24173 | Lair:5   | Reached XP level 16. HP: 118/118 MP: 29/29
 24537 | Lair:6   | Entered Level 6 of the Lair of Beasts
 24639 | Lair:6   | Reached skill level 14 in Stealth
 25142 | Lair:6   | Noticed mora's ghost (journeyman TrAs)
 25162 | Lair:6   | Banished mora's ghost
 25426 | Lair:6   | Reached skill level 5 in Evocations
 25825 | Spider:1 | Entered Level 1 of the Spider Nest
 25913 | Spider:1 | Noticed Rupert
 25940 | Spider:1 | Killed Rupert
 26162 | Spider:1 | Reached skill level 15 in Stealth
 26335 | Spider:1 | Got a distressingly furry ring mail
 26338 | Spider:1 | Identified the +3 ring mail of Dishonesty {-Cast rN++ Regen+} (You found it on level 1 of the Spider Nest)
 26423 | Spider:1 | Noticed Azrael
 26435 | Spider:1 | Killed Azrael
 26485 | Spider:1 | Noticed Asterion
 26493 | Spider:1 | Noticed an Executioner
 26501 | Spider:1 | You fall through a shaft!
 26643 | Spider:1 | Reached XP level 17. HP: 127/127 MP: 30/30
 27541 | Spider:2 | Reached skill level 10 in Fighting
 28023 | Spider:3 | Reached skill level 16 in Stealth
 28061 | Spider:3 | Reached skill level 10 in Dodging
 28624 | Spider:4 | Entered Level 4 of the Spider Nest
 28910 | Spider:4 | Noticed Roxanne
 28987 | Spider:4 | Killed Roxanne
 28998 | Spider:4 | Learned a level 6 spell: Statue Form
 29246 | Spider:4 | Reached skill level 1 in Earth Magic
 29306 | Spider:4 | Reached skill level 1 in Transmutations
 29477 | Spider:4 | Reached XP level 18. HP: 120/136 MP: 1/31
 29490 | Spider:4 | Lost mutation: You possess an exceptional clarity of mind. [mutagenic meat]
 29491 | Spider:4 | Gained mutation: You are robust. (+10% HP) [mutagenic meat]
 29665 | Spider:4 | Gained mutation: You have razor-sharp toenails. [mutagenic meat]
 29668 | Spider:4 | Gained mutation: You are agile. (Dex +2) [mutagenic meat]
 29817 | Spider:4 | Gained mutation: Your body sometimes deteriorates upon taking damage. [mutagenic meat]
 29830 | Spider:4 | Got a gossamer rune of Zot
 30089 | Spider:1 | Killed Asterion
 30418 | Swamp:1  | Entered Level 1 of the Swamp
 30500 | Swamp:1  | Found a runed door.
 30500 | Swamp:1  | Noticed a tentacled monstrosity
 30758 | Swamp:1  | Reached skill level 17 in Stealth
 30826 | Swamp:1  | Learned a level 3 spell: Dazzling Spray
 30830 | Swamp:1  | Learned a level 3 spell: Ozocubu's Armour
 31827 | Swamp:2  | Reached skill level 5 in Transmutations
 31832 | Swamp:2  | Reached skill level 5 in Earth Magic
 32172 | Swamp:3  | Got a warped glaive
 32173 | Swamp:3  | Identified the +7 glaive of Afewun {freeze, Str+3} (You found it on level 3 of the Swamp)
 32377 | Swamp:3  | Reached XP level 19. HP: 157/157 MP: 32/32
 32734 | Swamp:4  | Entered Level 4 of the Swamp
 33058 | Swamp:3  | Lost mutation: Scrolls take you a little longer to read. [mutagenic meat]
 33161 | Swamp:4  | Noticed the 27-headed Lernaean hydra
 33164 | Swamp:4  | Killed the 27-headed Lernaean hydra
 33175 | Swamp:4  | Got a decaying rune of Zot
 33317 | Swamp:4  | Noticed a tentacled monstrosity
 33333 | Swamp:4  | Killed a tentacled monstrosity
 34111 | Lair:4   | Killed Kirke
 34356 | Orc:2    | Learned a level 5 spell: Irradiate
 34378 | Elf:1    | Entered Level 1 of the Elven Halls
 34458 | Elf:1    | Found a ruined gateway.
 34465 | Desolati | Entered the Desolation of Salt
 34567 | Desolati | Identified the Guide on Necromancy and Feathers
 34570 | Desolati | Got a warped ring mail
 34571 | Desolati | Identified the +3 ring mail of Quantum Leap {Str+4} (You found it in the Desolation of Salt)
 34573 | Desolati | Identified the Collected Works on Contamination
 34581 | Desolati | Learned a level 3 spell: Mephitic Cloud
 34626 | Desolati | Gained mutation: Your spells are a little harder to cast, but a little more powerful. [mutagenic meat]
 34631 | Desolati | Gained mutation: Your natural rate of healing is unusually fast. [mutagenic meat]
 34644 | Desolati | Lost mutation: You are agile. (Dex +2) [mutagenic meat]
 34663 | Desolati | Reached XP level 20. HP: 167/167 MP: 28/33
 34680 | Desolati | Identified the Compendium of Excruciating Venom
 34688 | Desolati | Got a faintly glowing rapier
 34689 | Desolati | Identified the +9 rapier of Ysuicvel {pierce, *Corrode +Rage Dex+3 SInv} (You found it in the Desolation of Salt)
 34766 | Desolati | Reached skill level 10 in Earth Magic
 34886 | Desolati | Reached skill level 15 in Polearms
 34913 | Desolati | Identified Sif Muna's Reference Book on the Unstable Compass
 34922 | Desolati | Got a bloodstained hand crossbow
 34923 | Desolati | Identified the cursed +2 hand crossbow "Icoun" {freeze, Str+2} (You found it in the Desolation of Salt)
 34939 | Desolati | Got a translucent shortbow
 34942 | Desolati | Got an ancient long sword
 35565 | Elf:1    | Identified the Volume of Summoning
 35630 | Orc:2    | Identified the +10 shortbow of Purpose {flame, Str+2} (You found it in the Desolation of Salt)
 35632 | Orc:2    | Identified the +8 long sword of Okawaru's Castigation {drain, rElec} (You found it in the Desolation of Salt)
 36477 | Elf:1    | Reached skill level 10 in Spellcasting
 36623 | Elf:2    | Reached skill level 10 in Transmutations
 36786 | Elf:2    | Found a runed gate.
 36786 | Elf:2    | Found a runed gate.
 36786 | Elf:2    | Found a runed gate.
 36936 | Elf:2    | Found Zujiptile's General Store.
 36936 | Elf:2    | Found Ifijiulu's Food Shoppe.
 36940 | Elf:2    | Found Fapsess's General Store.
 36948 | Elf:2    | Noticed Agnes
 36962 | Elf:2    | Killed Agnes
 37088 | Elf:3    | Entered Level 3 of the Elven Halls
 37769 | Elf:3    | Noticed Saint Roka
 37831 | Elf:3    | Killed Saint Roka
 37847 | Elf:3    | Reached XP level 21. HP: 117/174 MP: 35/35
 37999 | Elf:3    | Noticed Mara
 38023 | Elf:3    | Killed Mara
 38085 | Elf:3    | Learned a level 1 spell: Apportation
 38091 | Elf:3    | Identified the Catalogue of Dusty Dark Rites
 38156 | Elf:3    | Identified Dixemy's Disquisition on Entrancing Companions
 38171 | Elf:3    | Learned a level 4 spell: Leda's Liquefaction
 38185 | Elf:3    | Got a vibrating copper amulet
 38240 | Elf:3    | Identified the Papyrus of Sinister Clay
 38833 | Swamp:1  | Got a glittering copper ring
 39134 | Vaults:1 | Entered Level 1 of the Vaults
 39434 | Vaults:1 | Gained mutation: Your system is resistant to poisons. (rPois) [mutagenic meat]
 40021 | Vaults:1 | Lost mutation: Your natural rate of healing is unusually fast. [mutagenic meat]
 40055 | Vaults:1 | Reached XP level 22. HP: 182/182 MP: 38/38
 40345 | Vaults:1 | Identified the ring of Ponu {Fire Str+4 Dex-5 Stlth+} (You found it on level 1 of the Swamp)
 41501 | Vaults:2 | Found Gozag's Antique Armour Boutique.
 41519 | Vaults:2 | Found an opulent altar of Gozag.
 41519 | Vaults:2 | Found Gozag's Assorted Antiques.
 41577 | Vaults:2 | HP: 2/197 [vault warden/enchanted great sword (31)]
 41622 | Vaults:2 | Found Gozag's Antique Weapon Shop.
 42331 | Vaults:2 | Reached skill level 10 in Necromancy
 42625 | Vaults:2 | Bought the +2 shield of Resistance {rF+ rC+ MR+} for 4110 gold pieces
 42825 | Vaults:3 | Reached skill level 1 in Poison Magic
 42860 | Vaults:3 | Reached XP level 23. HP: 111/190 MP: 37/40
 43532 | Vaults:3 | Found a staircase to the Crypt.
 44061 | Vaults:4 | Reached skill level 15 in Earth Magic
 44365 | Vaults:4 | Reached skill level 5 in Poison Magic
 44711 | Vaults:4 | Gained mutation: You have a somewhat thin skeletal structure. (Dex +2, Stealth) [mutagenic meat]
 45189 | Vaults:4 | Reached XP level 24. HP: 198/198 MP: 41/41
 45401 | Vaults:5 | Entered Level 5 of the Vaults
 45575 | Vaults:4 | Gained mutation: Your spells are harder to cast, but more powerful. [mutagenic meat]
 45665 | Vaults:4 | Gained mutation: You are agile. (Dex +2) [mutagenic meat]
 46243 | Vaults:5 | Got a silver rune of Zot
 46247 | Vaults:5 | Identified the Catalogue of Creative Venom
 46320 | Vaults:5 | Got a faintly humming shield
 46395 | Vaults:5 | HP: 6/279 [acid (10)]
 46395 | Vaults:5 | Killed from afar by a battlesphere

Vault maps used:
D:1:      dpeg_arrival_court, serial_bayou_crossing
D:2:      minmay_misc_feat_x, bloody_trog
D:3:      first_bread, lemuel_tele_altar, uniq_grinder
D:4:      old_standard_altar
D:5:      minmay_temple_entry_trees, uniq_edmund
D:6:      kennysheep_mini, lemuel_doored_altar, marbit_many_paths, basic_altar
D:8:      lemuel_crystal_altar, nemelex_xobeh_ov_fountains_minmay,
          hangedman_pestilent_swarm
D:9:      minivault_16, minmay_misc_feat_more_columns
D:10:     lair_entry_dummy, david_orc_4, enter_bailey_2, minivault_5
D:11:     hangedman_decor_push
D:13:     erik_vaults_1, special_room, nicolae_ru_sacrificial_ziggurat
D:14:     nicolae_dithmenos_through_a_glass_darkly, uniq_urug
D:15:     grunt_enter_depths_hoard, serial_park_paths
Temple:   nicolae_temple_elliptical
Lair:1:   wad_woods_stonehenge, uniq_sonja
Lair:2:   dpeg_oklob_gauntlet, grunt_forest_large_clearings,
          infiniplex_staircase_pool, minmay_lair_oklob_chamber
Lair:3:   nicolae_spider_entry_tight_spaces, grunt_megastairs_1
Lair:4:   pond_and_an_island_with_a_cottage, minmay_swamp_entry_worms,
          portal_ice_cave_rime, kennysheep_rathole, uniq_kirke
Lair:5:   slime_altar_1, grunt_megastairs_3, lemuel_fruit_fields
Lair:6:   grunt_lair_end_beastmaster, grunt_megastairs_4,
          infiniplex_staircase_pool_2, lemuel_fruit_tree
Swamp:1:  cheibrodos_swamp_sealed, hangedman_swamp_ruin_wall
Swamp:2:  cheibrodos_swamp_tower_of_moss, evilmike_swamp_ruin_house_6,
          st_swamp_ruins_3
Swamp:3:  evilmike_swamp_ruin_house_1
Swamp:4:  grunt_swamp_rune_castle
Spider:1: nicolae_spider_webs_and_nodes, uniq_azrael, uniq_asterion, uniq_rupert
Spider:2: einodemon_crawler_minivault
Spider:3: hangedman_spider_tarantella_strand
Spider:4: spider_rune_water, spider_trap, uniq_roxanne
Orc:1:    serial_shops, nicolae_shop_stone, uniq_josephine
Orc:2:    st_orc_pillars, lab_entry_generic, mines2_david
Elf:1:    portal_desolation_entry_ruin, minmay_elf_demonology
Elf:2:    minmay_shop_star, uniq_agnes
Elf:3:    grunt_elf_hall_spiral, uniq_saint_roka, uniq_mara
Vaults:1: v_misc_11, nicolae_vaults_network_quinsquares,
          ontoclasm_vaults_loading_screen, nicolae_vaults_murderbox,
          vaults_dpeg_cross, nicolae_vaults_little_squares_3,
          nicolae_vaults_puzzle_piece, dpeg_vaults_monster_row, v_misc_31,
          nicolae_vaults_little_squares_6, hangedman_vaults_restitches,
          grunt_vaults_hallway_long, vaults_room_pools,
          vaults_room_stairs_pillars, nicolae_vaults_little_squares_4
Vaults:2: kennysheep_vaults_gozag_temple, v_misc_27, vaults_dpeg_ring,
          nicolae_vaults_windows_and_doors_thing, v_alt_pattern_6,
          nicolae_vaults_what_the_h, vaults_room_semicircle,
          nicolae_vaults_rhombus_5
Vaults:3: ontoclasm_vaults_shuriken, minmay_crypt_entry_nasty_monster,
          nicolae_vaults_border_crossing, hangedman_vaults_hat,
          grunt_vaults_trifunnel, hangedman_vaults_stitches,
          nicolae_vaults_stairing_the_circle, v_misc_23,
          hangedman_vaults_impose, grunt_vaults_swirl, vaults_dpeg_spiral,
          v_misc_23, nicolae_vaults_asterisk
Vaults:4: vaults_room_octagon, nicolae_vaults_diagonal_hallway_7, v_misc_33,
          hangedman_vaults_snaps, vaults_standard_mumra_enter_the_diamond,
          v_alt_pattern_3, nicolae_vaults_network_periphery, v_pattern_1,
          v_misc_33, vaults_mumra_lcd, vaults_dpeg_diagonal, v_misc_17,
          nicolae_vaults_circle_grid_b, v_misc_19,
          nicolae_vaults_little_squares_6, v_misc_23
Lab:      nicolae_lab_dead_adventurers
Bailey:   bailey_polearm_4, bailey
IceCv:    ice_cave_tombish

Skill      XL: |  1  2  3  4  5  6  7  8  9 10 11 12 13 14 15 16 17 18 19 20 21 22 23 24 |
---------------+-------------------------------------------------------------------------+-----
Conjurations   | 1 2 3 4 5 6 7 |  7.1
Shields        | 1 2 3 4 5 7 8 9 10 | 10.1
Air Magic      | 3 4 5 6 7 |  7.2
Spellcasting   | 3 4 5 6 7 8 9 10 12 13 14 | 14.9
Fighting       | 2 4 5 6 7 8 9 10 11 12 13 | 13.2
Polearms       | 3 6 7 9 10 11 12 13 14 15 16 | 16.0
Stealth        | 4 7 9 10 12 13 15 16 17 | 17.3
Necromancy     | 3 4 5 8 10 11 12 | 12.3
Charms         | 2 4 |  4.7
Dodging        | 4 6 7 9 10 11 12 | 12.0
Armour         | 3 5 6 |  6.8
Evocations     | 2 4 5 7 8 |  8.1
Earth Magic    | 2 6 9 11 13 14 15 | 15.3
Transmutations | 2 5 8 10 12 13 14 | 14.4
Poison Magic   | 2 6 |  6.1

Action                   |  1- 3 |  4- 6 |  7- 9 | 10-12 | 13-15 | 16-18 | 19-21 | 22-24 || total
-------------------------+-------+-------+-------+-------+-------+-------+-------+-------++-------
Melee: Unarmed           |    36 |       |       |       |    10 |       |     7 |       ||    53
       Hand axe          |       |    29 |    89 |       |       |       |       |       ||   118
       Great mace        |       |       |    66 |       |       |       |       |       ||    66
       Spear             |       |       |     6 |       |       |       |       |       ||     6
       Trident           |       |       |    61 |   736 |   808 |  1265 |   671 |       ||  3541
       Demon trident     |       |       |       |     7 |   720 |   392 |    57 |       ||  1176
       Quarterstaff      |       |       |       |       |   131 |   178 |       |       ||   309
       Glaive            |       |       |       |       |       |    15 |   207 |  1112 ||  1334
       Lajatang          |       |       |       |       |       |       |   218 |   134 ||   352
       Bardiche          |       |       |       |       |       |       |    18 |       ||    18
       Kick              |       |       |       |       |       |       |       |   131 ||   131
 Fire: Hand crossbow     |       |       |       |       |       |       |   115 |       ||   115
 Cast: Shock             |    46 |    73 |   156 |     8 |       |    16 |       |       ||   299
       Regeneration      |       |       |       |       |       |    16 |    15 |    22 ||    53
       Static Discharge  |       |       |       |       |       |     6 |       |       ||     6
       Lightning Bolt    |       |       |       |       |       |     1 |       |       ||     1
       Swiftness         |       |       |       |       |       |     1 |       |       ||     1
       Mephitic Cloud    |       |       |       |       |       |       |     7 |    26 ||    33
       Dazzling Spray    |       |       |       |       |       |       |     2 |       ||     2
       Statue Form       |       |       |       |       |       |       |       |    13 ||    13
       Irradiate         |       |       |       |       |       |       |       |     2 ||     2
       Leda's Liquefacti |       |       |       |       |       |       |       |     1 ||     1
Invok: Shadow Step       |       |       |       |       |     2 |     4 |    12 |     1 ||    19
 Abil: Dig               |       |     1 |     1 |     2 |     7 |    11 |     4 |       ||    26
       Shaft Self        |       |       |       |     1 |       |     1 |       |       ||     2
Evoke: Wand              |       |       |       |     3 |     5 |     1 |    12 |     6 ||    27
       Phantom mirror    |       |       |       |       |     1 |       |       |       ||     1
  Use: Potion            |     1 |     2 |     2 |     9 |     7 |     2 |     3 |     6 ||    32
       Scroll            |       |       |     6 |    15 |    16 |    16 |     8 |     4 ||    65
 Stab: Sleeping          |       |       |     9 |    20 |    74 |    76 |   144 |    63 ||   386
       Distracted        |       |       |     1 |     3 |    14 |     9 |    16 |    16 ||    59
       Petrified         |       |       |       |       |       |    10 |       |       ||    10
       Confused          |       |       |       |       |       |     1 |     4 |    12 ||    17
  Eat: Chunk             |       |     5 |    14 |    26 |    44 |    35 |    36 |    48 ||   208
       Royal jelly       |       |       |       |     5 |     3 |     9 |     5 |     2 ||    24
       Bread ration      |       |       |       |       |       |       |     2 |     1 ||     3
       Fruit             |       |       |       |       |       |       |       |     1 ||     1
Armor: Robe              |     1 |       |       |     1 |       |       |       |       ||     2
       Leather armour    |    13 |    15 |   103 |    18 |       |       |       |       ||   149
       Plate armour      |       |       |       |    58 |       |       |       |       ||    58
       Ring mail         |       |       |       |    79 |   235 |   250 |   121 |    79 ||   764
       Crystal plate arm |       |       |       |     6 |       |       |       |       ||     6
       Skin              |       |       |       |       |       |       |       |   184 ||   184
Dodge: Dodged            |    21 |    37 |   213 |   174 |   741 |  1513 |   752 |  1374 ||  4825
       Deflected         |       |       |       |       |     4 |     4 |    29 |     7 ||    44
Block: Buckler           |       |       |    53 |       |       |       |       |       ||    53
       Large shield      |       |       |       |   564 |       |       |       |       ||   564
       Shield            |       |       |       |    43 |   906 |  1266 |   578 |   947 ||  3740
